 Dungeon Crawl Stone Soup version 0.21-a0-201-g8501b10 (webtiles) character file.

355 polean the Conjurer (level 6, -1/43 HPs)
             Began as a Human Conjurer on Aug 17, 2017.
             Slain by an orc
             ... wielding a +0 falchion
              (2 damage)
             ... on level 4 of the Dungeon.
             The game lasted 00:21:45 (3522 turns).

polean the Conjurer (Human Conjurer)                Turns: 3522, Time: 00:21:46

Health: -1/43      AC:  4    Str: 10    XL:     6   Next: 95%
Magic:  0/10       EV: 16    Int: 18    God:
Gold:   105        SH:  0    Dex: 13    Spells: 0/10 levels left

rFire    . . .     SeeInvis .   b - +1 hunting sling
rCold    . . .     Gourm    .   (no shield)
rNeg     . . .     Faith    .   h - +0 robe
rPois    .         Spirit   .   (helmet restricted)
rElec    .         Reflect  .   i - +1 cloak
rCorr    .         Harm     .   (no gloves)
MR       .....                  (no boots)
Stlth    ++........             n - amulet of magic regeneration
HPRegen  0.14/turn              g - +3 ring of evasion
MPRegen  0.37/turn              (no ring)

@: no status effects
A: antennae 1, clever 1, evolution 1
a: no special abilities


You were on level 4 of the Dungeon.
You were not hungry.

You visited 1 branch of the dungeon, and saw 4 of its levels.

You collected 105 gold pieces.

Inventory:

Hand Weapons
 a - a +4 whip
 b - a +1 hunting sling (weapon)
 t - a +1 spear
Missiles
 m - 48 stones
 o - 21 sling bullets (quivered)
Armour
 h - a +0 robe (worn)
 i - a +1 cloak (worn)
Jewellery
 g - a +3 ring of evasion (left hand)
 n - an amulet of magic regeneration (around neck)
Wands
 k - a wand of iceblast (9/15)
Scrolls
 d - 3 scrolls of teleportation
 q - a scroll of remove curse
 s - 2 scrolls of magic mapping
Books
 e - a book of Cantrips

   Spells                             Type                      Level
   a - Confusing Touch                Hexes                        1
   b - Animate Skeleton               Necromancy                   1
   c - Summon Small Mammal            Summoning                    1
   d - Apportation                    Translocation                1
 l - a book of Conjurations

   Spells                             Type                      Level
   a - Magic Dart                     Conjuration                  1
   b - Searing Ray                    Conjuration                  2
   c - Dazzling Spray                 Conjuration/Hexes            3
   d - Fulminant Prism                Conjuration/Hexes            4
   e - Force Lance                    Conjuration/Translocation    4
   f - Iskenderun's Mystic Blast      Conjuration                  4
Comestibles
 c - a bread ration
 f - 2 royal jellies
 j - 5 fruits
 p - 3 chunks of flesh


   Skills:
 + Level 1.1 Fighting
 + Level 0.8 Polearms
 + Level 3.9 Slings
 + Level 2.5 Dodging
 + Level 2.5 Stealth
 + Level 2.8 Spellcasting
 + Level 5.2 Conjurations


You couldn't memorise any spells.
You knew the following spells:

 Your Spells              Type           Power        Failure   Level  Hunger
a - Magic Dart            Conj           ###.         1%          1    None
b - Searing Ray           Conj           ###...       2%          2    ##.....
c - Dazzling Spray        Conj/Hex       ##....       17%         3    ###....
d - Fulminant Prism       Conj/Hex       ##........   50%         4    ####...


Dungeon Overview and Level Annotations

Branches:
Dungeon (4/15)
 Temple: D:4-7

Altars:


Innate Abilities, Weirdness & Mutations

You have a pair of small antennae on your head.
Your mind is acute. (Int +2)
You evolve.


Message History

Press: ? - help, Shift-Dir - straight line The searing ray hits something.
Reactivating autopickup.
You feel a bit more experienced. (Press . to maintain the ray.)
The orc barely misses you. x2
Casting: Searing Ray
Confirm with . or Enter, or press ? or * to list all spells.
Aiming: Searing Ray
Press: ? - help, Shift-Dir - straight line, f - orc
Aim: an orc, wielding a whip and wearing a scale mail The searing ray hits the orc. (Press . to maintain the ray.)
The orc hits you with a whip.
* * * LOW HITPOINT WARNING * * *
The orc misses you.
The searing ray hits the orc.
The orc is moderately wounded.
The orc misses you. The orc hits you with a falchion.
You die...

## # .## #.
... #. ..
#.###.#
#.....#####
#.o).....!.
#..@o......
###.#.####.
#.# # #.#
#.# #.. ###


You could see 2 orcs.

Vanquished Creatures
  An ice beast (D:3)
  3 orc wizards
  6 adders
  3 gnolls (D:3)
  An ooze (D:1)
  A worm (D:3)
  5 dart slugs
  2 leopard geckos
  7 orcs (D:3)
  13 bats
  2 giant cockroaches
  7 goblins
  4 hobgoblins
  7 jackals
  10 kobolds
  2 quokkas (D:3)
  A ball python (D:3)
  5 rats
80 creatures vanquished.

Notes
Turn   | Place    | Note
-------+----------+-------------------------------------------
     0 | D:1      | polean the Human Conjurer began the quest for the Orb.
     0 | D:1      | Reached XP level 1. HP: 13/13 MP: 3/3
   225 | D:1      | Reached XP level 2. HP: 19/19 MP: 0/5
   344 | D:1      | Learned a level 2 spell: Searing Ray
   729 | D:1      | Reached XP level 3. HP: 24/24 MP: 0/6
   833 | D:1      | Learned a level 3 spell: Dazzling Spray
  1536 | D:2      | Reached XP level 4. HP: 30/30 MP: 1/7
  2090 | D:3      | Reached skill level 1 in Slings
  2299 | D:3      | Reached skill level 5 in Conjurations
  2299 | D:3      | Reached XP level 5. HP: 35/35 MP: 5/8
  2394 | D:3      | Noticed an ice beast
  2418 | D:3      | Killed an ice beast
  2418 | D:3      | Reached skill level 1 in Fighting
  2418 | D:3      | Reached XP level 6. HP: 38/43 MP: 0/10
  2458 | D:3      | Learned a level 4 spell: Fulminant Prism
  3519 | D:4      | Gained mutation: Your mind is acute. (Int +2) [potion of mutation]
  3519 | D:4      | Gained mutation: You have a pair of small antennae on your head. [potion of mutation]
  3519 | D:4      | Gained mutation: You evolve. [potion of mutation]
  3521 | D:4      | HP: 1/43 [orc/whip (2)]
  3522 | D:4      | Slain by an orc

Vault maps used:
D:1:      saegor_arrival_simple_c
D:3:      kennysheep_big_flooded_room
D:4:      nicolae_ru_great_annihilating_truth, first_bread, uniq_ijyb

Skill      XL: |  1  2  3  4  5 |
---------------+----------------+-----
Slings         | 1 3 |  3.9
Conjurations   | 5 |  5.2
Fighting       | 1 |  1.1
Polearms       | |  0.8
Dodging        | |  2.5
Stealth        | |  2.5
Spellcasting   | |  2.8

Action                   |  1- 3 |  4- 6 || total
-------------------------+-------+-------++-------
Melee: Unarmed           |    15 |       ||    15
       Spear             |    14 |     4 ||    18
       Whip              |       |     2 ||     2
 Fire: Hunting sling     |     9 |    49 ||    58
 Cast: Magic Dart        |    51 |    24 ||    75
       Searing Ray       |     7 |    27 ||    34
  Use: Scroll            |     7 |     5 ||    12
       Potion            |     1 |     5 ||     6
 Stab: Sleeping          |     1 |       ||     1
  Eat: Chunk             |     3 |     8 ||    11
Armor: Robe              |    12 |     7 ||    19
Dodge: Dodged            |    21 |    43 ||    64
